 Dungeon Crawl Stone Soup version 0.29.1-12-g30fa7ad0bf (webtiles) character file.

Game seed: 18120099300063708071

35090 cheesebisquit the Severer (level 13, -4/187 HPs)
             Began as a Minotaur Monk on Jan 15, 2023.
             Was the Champion of Makhleb.
             Slain by a death yak simulacrum (21 damage)
             ... in an ice cave.
             The game lasted 00:59:36 (12820 turns).

cheesebisquit the Severer (Minotaur Monk)          Turns: 12820, Time: 00:59:37

Health: -4/187     AC: 30    Str: 20    XL:     13   Next: 45%
Magic:  0/12       EV:  2    Int:  7    God:    Makhleb [******]
Gold:   498        SH:  3    Dex: 14    Spells: 12/12 levels left

rFire   . . .      SeeInvis .   (no weapon)
rCold   . . .      Faith    .   P - +0 buckler
rNeg    . . .      Spirit   +   (body armour currently unavailable)
rPois   +          Reflect  .   (helmet currently unavailable)
rElec   .          Harm     .   (cloak currently unavailable)
rCorr   .          Rampage  .   (gloves currently unavailable)
Will    .....      NoTele   +   (boots currently unavailable)
Stlth   ++........              e - amulet of guardian spirit
HPRegen 0.41/turn               t - ring of flight
MPRegen 0.13/turn               A - +4 ring of protection

@: tree-form
A: stationary, stasis, torment immunity, boosted hp, (horns 2), (retaliatory
headbutt)
a: Renounce Religion, Minor Destruction, Lesser Servant of Makhleb, Major
Destruction, Greater Servant of Makhleb


You were in an ice cave.
You worshipped Makhleb.
Makhleb was exalted by your worship.
You were a tree.
You visited 2 branches of the dungeon, and saw 14 of its levels.
You also visited: Ice Cave.

You collected 733 gold pieces.
You spent 235 gold pieces at shops.

Inventory:

Hand Weapons
 a - a +2 broad axe of venom
 b - a +3 mace of freezing
 h - a +0 great mace
Missiles
 c - 2 throwing nets
 n - 69 poisoned darts (quivered)
 L - 5 curare-tipped darts
Armour
 k - an orb of light
 o - a +0 pair of boots (melded)
 q - a +0 plate armour
 E - the +0 pair of fencer's gloves (melded) {Riposte Dex+3}
   (You found it on level 5 of the Dungeon)

   It allows the wearer to riposte with melee weapons, swiftly retaliating
   against missed or blocked melee attacks.
   Dex:       It affects your dexterity (+3).
 F - the +5 chain mail of Ceyc {rC+ rN+ SInv}
   (You found it on level 6 of the Dungeon)

   rC:        It protects you from cold.
   rN:        It protects you from negative energy.
   SInv:      It lets you see invisible.
 N - a +2 hat (melded)
 P - a +0 buckler (worn)
 S - the +15 Maxwell's patent armour (melded) {-Cast -Tele rElec Will+ rCorr}
   (You found it on level 10 of the Dungeon)

   rElec:     It insulates you from electricity.
   -Cast:     It prevents spellcasting.
   -Tele:     It prevents most forms of teleportation.
   rCorr:     It protects you from acid and corrosion.
   Will:      It increases your willpower.
Jewellery
 e - an amulet of guardian spirit (around neck)
 i - the ring of Ahid {rElec rPois rF+ Str+2 Dex+2}
   (You took it off a centaur warrior on level 11 of the Dungeon)

   [ring of protection from fire]

   Str:       It affects your strength (+2).
   Dex:       It affects your dexterity (+2).
   rF:        It protects you from fire.
   rElec:     It insulates you from electricity.
   rPois:     It protects you from poison.
 m - an amulet of regeneration
 t - a ring of flight (left branch)
 A - a +4 ring of protection (right branch)
 H - a ring of ice
 K - an amulet of faith
 O - a ring of wizardry
 R - an amulet of reflection
 T - a ring of see invisible
Wands
 g - a wand of iceblast (12)
 w - a wand of flame (31)
 G - a wand of paralysis (5)
 Q - a wand of acid (8)
Scrolls
 d - 5 scrolls of poison
 f - 2 scrolls of vulnerability
 l - 5 scrolls of teleportation
 r - 3 scrolls of fear
 u - 3 scrolls of butterflies
 x - 2 scrolls of summoning
 y - 2 scrolls of amnesia
 z - a scroll of silence
 B - 2 scrolls of immolation
 C - 6 scrolls of magic mapping
 D - a scroll of enchant armour
 U - a scroll of identify
Potions
 j - 4 potions of curing
 p - 9 potions of mutation
 s - 4 potions of brilliance
 v - 2 potions of magic
 I - a potion of flight
 J - a potion of lignification
 M - 4 potions of invisibility
 V - a potion of attraction {unknown}


   Skills:
 + Level 14.3 Fighting
 * Level 19.5 Axes
 + Level 13.9 Armour
 - Level 3.2 Dodging
 - Level 1.5 Stealth


You had 12 spell levels left.
You didn't know any spells.
Your spell library contained the following spells:

 Spells                   Type           Power      Damage    Failure   Level
 Slow                     Hex            0%         N/A       54%         1
 Confusing Touch          Hex            0%         N/A       88%         3
 Dazzling Flash           Conj/Hex       0%         N/A       88%         3
 Portal Projectile        Hex/Tloc       0%         N/A       88%         3
 Tukima's Dance           Hex            0%         N/A       88%         3
 Animate Armour           Summ/Erth      0%         N/A       99%         4
 Animate Dead             Necr           0%         N/A       99%         4
 Iskenderun's Mystic Bla  Conj/Tloc      0%         2d3       99%         4
 Leda's Liquefaction      Hex/Erth       0%         N/A       99%         4
 Blade Hands              Tmut           0%         N/A       100%        5
 Borgnjor's Vile Clutch   Necr/Erth      0%         N/A       100%        5
 Lee's Rapid Deconstruct  Erth           0%         3d5*      100%        5
 Yara's Violent Unravell  Hex/Tmut       0%         3d3       100%        5
 Death Channel            Necr           0%         N/A       100%        6
 Iron Shot                Conj/Erth      0%         9d1       100%        6
 Starburst                Conj/Fire      0%         6d3       100%        6
 Statue Form              Tmut/Erth      0%         N/A       100%        6
 Malign Gateway           Summ/Tloc      0%         N/A       100%        7
 Summon Horrible Things   Summ           0%         N/A       100%        8


Dungeon Overview and Level Annotations

Branches:
Dungeon (13/15)            Temple (1/1) D:6            Lair (0/5) D:8
    Orc (0/2) D:9           IceCv (1/1)
 Vaults: D:13-14

Altars:
Ashenzari
Cheibriados
Dithmenos
Elyvilon
Fedhas
Gozag
Hepliaklqana
Kikubaaqudgha
Makhleb
Nemelex Xobeh
Okawaru
Qazlal
Ru
Sif Muna
Trog
Uskayaw
Vehumet
Wu Jian
Xom
Yredelemnul
Zin
The Shining One

Shops:
D:3 =   D:8 *


Innate Abilities, Weirdness & Mutations

You are a tree.
Your roots penetrate the ground, keeping you stationary.
You cannot be teleported.
You are immune to unholy pain and torment.
Your maximum health is greatly increased.
Your equipment is partially melded.
((You have a pair of horns on your head.))
((You reflexively headbutt those who attack you in melee.))


Message History

The death yak simulacrum gores you. The death yak simulacrum freezes you!!
You slash the death yak simulacrum!
The death yak simulacrum is heavily damaged.
You hit the cane toad simulacrum but do no damage.
You hit the polar bear simulacrum. The cane toad simulacrum hits you!
The cane toad simulacrum freezes you!
You hit the death yak simulacrum. You headbutt the death yak simulacrum!
The death yak simulacrum is severely damaged.
You slash the polar bear simulacrum!
You completely miss the cane toad simulacrum.
The death yak simulacrum gores you but does no damage.
The polar bear simulacrum bites you. The polar bear simulacrum freezes you!!
* * * LOW HITPOINT WARNING * * *
The polar bear simulacrum claws you but does no damage. x2
The cane toad simulacrum hits you.
* * * LOW HITPOINT WARNING * * *
The cane toad simulacrum freezes you!
* * * LOW HITPOINT WARNING * * *
Really quaff the potion of lignification?
You turn into a tree.
Your +2 hat melds into your body.
The +0 pair of fencer's gloves {Riposte Dex+3} melds into your body.
Your +0 pair of boots melds into your body.
The +15 Maxwell's patent armour {-Cast -Tele rElec Will+ rCorr} melds into your body.
Your roots penetrate the ground.
The cane toad simulacrum hits you but does no damage.
The death yak simulacrum gores you but does no damage.
The polar bear simulacrum bites you but does no damage.
You block the polar bear simulacrum's attack.
The polar bear simulacrum claws you but does no damage.
Your +2 broad axe of venom stops dripping with poison.
You are now empty-handed.
You completely miss the death yak simulacrum.
The death yak simulacrum is severely damaged.
The cane toad simulacrum hits you but does no damage.
The polar bear simulacrum bites you but does no damage.
The polar bear simulacrum claws you but does no damage. x2
The death yak simulacrum gores you!
* * * LOW HITPOINT WARNING * * *
The death yak simulacrum freezes you!!
You die... #. .## ..## ...## #...# ##Z..# #ZZZ#

##.♣.##
##.....##
#...∩...#
#.......#
##..∩..##
##...##
#####


You could see a death yak simulacrum, 2 cane toad simulacra and a polar bear
simulacrum.

Vanquished Creatures
  Gastronok (D:11)
  Snorg (D:11)
  A fire dragon (D:11)
  A boulder beetle (D:11)
  An ogre mage (D:11)
  4 centaur warriors
  Erica (D:8)
  7 two-headed ogres (D:11)
  2 tengu warriors
  The ghost of vaultlich the Impaler, a novice MfGl of Okawaru (D:9)
  Sonja (D:11)
  Pikel (D:5)
  2 deep elf pyromancers (D:11)
  4 ugly things
  2 cyclopes
  3 manticores (D:11)
  Joseph (D:7)
  Maurice (D:9)
  Psyche (D:11)
  5 kobold demonologists (D:10)
  A komodo dragon (D:11)
  3 efreet (D:11)
  An unseen horror (D:11)
  2 tengu conjurers (D:11)
  A freezing wraith (D:11)
  A meliai (D:11)
  5 trolls
  Grinder (D:5)
  A slime creature (D:11)
  3 shadows
  2 vampires (D:11)
  A centaur simulacrum (D:11)
  2 wraiths (D:11)
  13 yaks
  5 vampire mosquitoes
  2 wyverns
  2 steam dragons
  Grum (D:8)
  3 basilisks
  A redback (D:11)
  Menkaure (D:4)
  An acid dragon (D:11)
  2 water moccasins
  Duvessa (D:7)
  2 orc warriors (D:11)
  2 sky beasts (D:7)
  An ice beast (D:6)
  3 black bears
  3 ogres
  7 centaurs
  2 wolves (D:8)
  4 phantoms
  9 kobold brigands
  6 bullfrogs
  5 necrophages
  A gnoll sergeant (D:9)
  2 scorpions
  5 wights (D:7)
  Dowan (D:7)
  3 troll zombies (D:9)
  25 killer bees
  2 howler monkeys
  4 hounds
  3 orc priests
  A jelly (D:7)
  3 iguanas
  5 orc wizards
  5 ogre zombies (D:9)
  A boggart simulacrum (D:11)
  10 adders
  7 gnolls
  12 white imps (D:13)
  An ufetubus (D:5)
  2 worms
  A dart slug (D:3)
  22 orcs
  6 ball pythons
  10 endoplasms
  4 giant cockroaches
  6 hobgoblins
  A jackal (D:7)
  4 quokkas
  6 bats
  4 frilled lizards
  9 goblins
  A hobgoblin skeleton (D:9)
  A hobgoblin zombie (D:9)
  25 kobolds
  23 orc zombies (D:9)
  5 rats
  A spectral kobold (D:1)
363 creatures vanquished.

Vanquished Creatures (collateral kills)
  A howler monkey (D:8)
1 creature vanquished.

Vanquished Creatures (others)
  A hydra (D:11)
  A cyclops (D:11)
  6 fungi (D:10)
8 creatures vanquished.

Grand Total: 372 creatures vanquished

Notes
Turn   | Place    | Note
-------+----------+-------------------------------------------
     0 | D:1      | cheesebisquit the Minotaur Monk began the quest for the
                  | Orb.
     0 | D:1      | Reached XP level 1. HP: 19/19 MP: 0/0
   485 | D:1      | Reached skill level 4 in Axes
   499 | D:1      | Reached XP level 2. HP: 25/27 MP: 1/1
   560 | D:1      | Reached skill level 1 in Armour
   904 | D:1      | Found a faded altar of an unknown god.
  1484 | D:2      | Reached XP level 3. HP: 33/33 MP: 2/2
  2455 | D:3      | Reached skill level 5 in Axes
  2455 | D:3      | Reached XP level 4. HP: 40/40 MP: 3/3
  2785 | D:3      | Reached XP level 5. HP: 47/47 MP: 4/4
  2980 | D:3      | Found Zuhaustro's Jewellery Emporium.
  3211 | D:4      | You are sucked into a shaft and drop 1 floor!
  3211 | D:5      | Entered Level 5 of the Dungeon
  3368 | D:5      | Reached skill level 6 in Axes
  3425 | D:5      | Reached skill level 5 in Fighting
  3425 | D:5      | Reached XP level 6. HP: 53/56 MP: 5/5
  3746 | D:5      | Noticed Grinder
  3769 | D:5      | Paralysed by Grinder for 3 turns
  4063 | D:4      | Noticed Menkaure
  4069 | D:4      | Reached skill level 7 in Axes
  4072 | D:4      | Killed Menkaure
  4073 | D:4      | Reached XP level 7. HP: 23/62 MP: 6/6
  4340 | D:4      | Reached skill level 8 in Axes
  4415 | D:5      | Found the +0 pair of fencer's gloves {Riposte Dex+3}
  4496 | D:5      | Noticed Pikel
  4626 | D:5      | Killed Pikel
  4627 | D:5      | Reached skill level 9 in Axes
  4627 | D:5      | Reached skill level 5 in Armour
  4627 | D:5      | Reached XP level 8. HP: 37/71 MP: 7/7
  4945 | D:5      | Killed Grinder
  5130 | D:6      | Reached skill level 10 in Axes
  5194 | D:6      | Found a staircase to the Ecumenical Temple.
  5203 | Temple   | Entered the Ecumenical Temple
  5212 | Temple   | Became a worshipper of Makhleb the Destroyer
  5212 | Temple   | Reached * piety under Makhleb
  5212 | Temple   | Reached ** piety under Makhleb
  5348 | D:6      | Identified the +5 chain mail of Ceyc {rC+ rN+ SInv}
  5370 | D:6      | Reached XP level 9. HP: 56/81 MP: 8/8
  5680 | D:6      | Identified the +10 short sword of Pashruvvo {vorpal, rC+}
  5755 | D:6      | Reached skill level 11 in Axes
  6008 | D:7      | Noticed Duvessa
  6008 | D:7      | Noticed Dowan
  6027 | D:7      | Killed Duvessa
  6029 | D:7      | Killed Dowan
  6053 | D:7      | Reached skill level 12 in Axes
  6197 | D:7      | Found a shimmering altar of Xom.
  6299 | D:7      | Identified the +10 dagger "Paazacugh" {holy, rF+}
  6348 | D:7      | Reached *** piety under Makhleb
  6545 | D:7      | Found a bloodstained altar of Trog.
  6588 | D:7      | Found a sacrificial altar of Ru.
  6875 | D:8      | Found Gelick's General Store.
  6896 | D:8      | Noticed Joseph
  6925 | D:7      | Killed Joseph
  6926 | D:7      | Reached XP level 10. HP: 80/91 MP: 9/9
  7016 | D:8      | Bought a scroll of identify for 20 gold pieces
  7016 | D:8      | Bought a scroll of identify for 20 gold pieces
  7077 | D:8      | Identified the +2 great sword of Expedience {freeze, rCorr
                  | Dex+2}
  7242 | D:8      | Noticed Grum
  7248 | D:8      | Killed Grum
  7249 | D:8      | Reached skill level 13 in Axes
  7354 | D:8      | Noticed Erica
  7358 | D:8      | Reached skill level 10 in Fighting
  7398 | D:8      | Killed Erica
  7709 | D:8      | Found a staircase to the Lair.
  7893 | D:8      | Found a large runed translucent door.
  7894 | D:8      | Found a large runed translucent door.
  8081 | D:8      | Reached skill level 14 in Axes
  8085 | D:8      | Found a glowing golden altar of the Shining One.
  8089 | D:8      | Found a white marble altar of Elyvilon.
  8331 | D:9      | Found a staircase to the Orcish Mines.
  8346 | D:9      | Reached **** piety under Makhleb
  8362 | D:9      | Reached skill level 10 in Armour
  8582 | D:9      | Reached XP level 11. HP: 101/101 MP: 10/10
  8594 | D:9      | Noticed Maurice
  8603 | D:9      | Killed Maurice
  8735 | D:9      | Found a runed translucent door.
  8735 | D:9      | Noticed vaultlich's ghost (novice MfGl)
  8907 | D:9      | Killed vaultlich's ghost
  8937 | D:10     | Entered Level 10 of the Dungeon
  8963 | D:10     | Reached skill level 15 in Axes
  8970 | D:10     | Reached ***** piety under Makhleb
  9009 | D:10     | Found a basalt altar of Yredelemnul.
  9364 | D:10     | Found a glowing silver altar of Zin.
  9365 | D:10     | Found the +15 Maxwell's patent armour {-Cast -Tele rElec
                  | Will+ rCorr}
  9762 | D:10     | Found a sparkling altar of Nemelex Xobeh.
  9878 | D:10     | Found a sparkling altar of Nemelex Xobeh.
 10116 | D:3      | Bought a ring of see invisible for 195 gold pieces
 10544 | D:11     | Noticed a deep elf pyromancer
 10548 | D:11     | Found a runed translucent door.
 10559 | D:11     | Killed a deep elf pyromancer
 10560 | D:11     | Reached skill level 16 in Axes
 10594 | D:11     | Found a runed translucent door.
 10594 | D:11     | Noticed a cyan ugly thing
 10594 | D:11     | Noticed a two-headed ogre
 10595 | D:11     | Found a runed translucent door.
 10595 | D:11     | Noticed a boulder beetle
 10596 | D:11     | Found a runed translucent door.
 10610 | D:11     | Killed a cyan ugly thing
 10612 | D:11     | Killed a two-headed ogre
 10630 | D:11     | Killed a boulder beetle
 10646 | D:11     | Noticed Sonja
 10650 | D:11     | Reached XP level 12. HP: 48/113 MP: 6/11
 10654 | D:11     | Killed Sonja
 10674 | D:11     | HP: 5/113 [poisoned by Sonja]
 10780 | D:11     | Noticed a two-headed ogre
 10789 | D:11     | Killed a two-headed ogre
 10797 | D:11     | Reached skill level 17 in Axes
 10797 | D:11     | Noticed a two-headed ogre
 10808 | D:11     | Killed a two-headed ogre
 10846 | D:11     | Noticed an ogre mage
 10851 | D:11     | Noticed a two-headed ogre
 10857 | D:11     | Killed an ogre mage
 10867 | D:11     | Killed a two-headed ogre
 10883 | D:11     | Noticed a two-headed ogre
 10892 | D:11     | Killed a two-headed ogre
 11126 | D:11     | Noticed a fire dragon
 11126 | D:11     | Found the +8 autumn katana {vorpal, manifold assault}
 11127 | D:11     | Identified the ring of Ahid {rElec rPois rF+ Str+2 Dex+2}
 11127 | D:11     | Noticed a centaur warrior
 11149 | D:11     | Killed a fire dragon
 11153 | D:11     | Killed a centaur warrior
 11170 | D:11     | Got the Parchment of Guile
 11178 | D:11     | Identified the +4 dagger of Equivalence {vorpal, Int+4
                  | Dex+2}
 11370 | D:11     | Noticed Snorg
 11381 | D:11     | Killed Snorg
 11381 | D:11     | Noticed a two-headed ogre
 11382 | D:11     | Reached skill level 18 in Axes
 11388 | D:11     | Killed a two-headed ogre
 11391 | D:11     | Noticed a seven-headed hydra
 11396 | D:11     | Noticed a centaur warrior
 11398 | D:11     | Killed a seven-headed hydra
 11409 | D:11     | Killed a centaur warrior
 11428 | D:11     | Noticed a centaur warrior
 11434 | D:11     | Killed a centaur warrior
 11435 | D:11     | Reached XP level 13. HP: 39/123 MP: 4/12
 11892 | D:11     | Noticed Gastronok
 11907 | D:11     | Killed Gastronok
 11947 | D:11     | Reached skill level 19 in Axes
 11959 | D:11     | Noticed Psyche
 11970 | D:11     | Killed Psyche
 12795 | D:13     | Found a frozen archway.
 12801 | D:13     | Reached ****** piety under Makhleb
 12812 | IceCv    | Entered an ice cave
 12820 | IceCv    | Slain by a death yak simulacrum

Illustrated notes

Levels and vault maps discovered:
D:1:      sevenhm_arrival_forest_fort_large_2, layout_loops_ring,
          dreamdust_ecumenical_altar_drowned_temple
D:2:      layout_loops_ring
D:3:      layout_basic, serial_shops, nicolae_shop_hallway_plus
D:4:      minmay_diamond_boxcup, layout_basic, uniq_menkaure
D:5:      layout_loops_corners, uniq_pikel, uniq_grinder
D:6:      layout_basic, temple_pool_b
D:7:      layout_basic, nicolae_ru_great_annihilating_truth,
          general_overflow_altar, mainiacjoe_overflow_boulevard, uniq_duvessa
D:8:      layout_rooms, jmf_multi_god_temple2, erik_lair_dragon, serial_shops,
          nicolae_square_shop, serial_corexii_hall, corexii_hall_statues_i,
          chequers_hall_statues_corner_a, uniq_grum, uniq_joseph, uniq_erica
D:9:      layout_big_octagon, zombieorc2_lemuel, gammafunk_ghost_grave,
          uniq_maurice
D:10:     layout_roguey, hangedman_decor_clover_reticule,
          hangedman_feature_mirror, dreamdust_deal_with_the_devil,
          nicolae_sextant, hangedman_feature_mirror, fungi_pond_lemuel,
          dk_noncrumbling_4
D:11:     minmay_the_grid_triangle_9x9_rhombus_thin
          [minmay_the_grid_triangle_9x9_fully_insulated_deathbox,
          minmay_the_grid_triangle_9x9_prize_center,
          minmay_the_grid_triangle_9x9_subtriangle,
          minmay_the_grid_triangle_9x9_alien], layout_basic, minivault_28,
          uniq_snorg, uniq_psyche, uniq_sonja, uniq_gastronok
D:12:     layout_basic, minmay_statues_item, grunt_ministairs_7,
          chequers_serial_rivers_large_b
D:13:     layout_basic, portal_ice_cave_entry_imps,
          minmay_misc_feat_secret_circle, uniq_azrael, uniq_lodul
Temple:   sentei_temple_godly_chess
IceCv:    ice_cave_small_necro

Skill      XL: |  1  2  3  4  5  6  7  8  9 10 11 12 13 |
---------------+----------------------------------------+-----
Axes           | 4 5 6 7 9 10 12 14 16 18 19 | 19.5
Armour         | 1 2 3 4 5 6 8 10 11 13 | 13.9
Fighting       | 4 5 6 7 9 10 12 13 14 | 14.3
Dodging        | |  3.2
Stealth        | |  1.5

Action                   |  1- 3 |  4- 6 |  7- 9 | 10-12 | 13-15 || total
-------------------------+-------+-------+-------+-------+-------++-------
Melee: Hand axe          |   126 |   133 |   250 |       |       ||   509
       Headbutt          |    15 |    28 |    71 |   142 |    31 ||   287
       Punch             |     1 |     2 |     1 |       |       ||     4
       War axe           |       |       |    10 |   146 |       ||   156
       Unarmed           |       |       |       |     8 |     1 ||     9
       Broad axe         |       |       |       |   235 |   124 ||   359
       Mace              |       |       |       |     4 |       ||     4
Throw: Stone             |    16 |       |       |       |       ||    16
       Dart              |    10 |    10 |     1 |       |       ||    21
  Use: Scroll            |       |     8 |     9 |     6 |     3 ||    26
       Potion            |       |     1 |     2 |    11 |     1 ||    15
 Stab: Sleeping          |     1 |       |       |       |       ||     1
       Paralysed         |       |       |     1 |       |       ||     1
Armor: Ring mail         |     9 |       |       |       |       ||     9
       Chain mail        |    38 |       |    80 |   204 |       ||   322
       Plate armour      |    16 |    94 |    73 |   135 |    94 ||   412
       Skin              |       |       |     4 |     8 |     8 ||    20
Dodge: Dodged            |    36 |    41 |    93 |   201 |    39 ||   410
Block: Buckler           |       |       |       |       |     4 ||     4
       Rpst.: Hand axe   |       |       |    11 |       |       ||    11
       War axe           |       |       |     1 |    16 |       ||    17
       Broad axe         |       |       |       |    24 |     5 ||    29
